 Dungeon Crawl Stone Soup version 0.30-b1-2-g02819fbbbe (webtiles) character file.

Game seed: 13752733694526422327

733968 suse60 the Axe Maniac (level 27, -9/300 HPs)
             Began as a Minotaur Gladiator on Oct 22, 2023.
             Was the Champion of the Shining One.
             Mangled by a bennu (12 damage)
             ... on level 3 of the Tomb of the Ancients on Nov 12, 2023.
             The game lasted 09:17:43 (71610 turns).

suse60 the Axe Maniac (Minotaur Gladiator)         Turns: 71610, Time: 09:17:43

Health: -9/300     AC: 46    Str: 47      XL:     27
Magic:  0/38       EV: 23    Int:  2      God:    the Shining One [******]
Gold:   8904       SH: 18    Dex: 11 (16) Spells: 26/26 levels left

rFire   + . .        h - +10 war axe of Fav Mon {heavy, rN++ Str+2 Int-5 Stlth+}
rCold   + + +        v - +1 tower shield of the Frog {rPois rF+ rC+ Dex+3}
rNeg    + + +        c - +3 gold dragon scales
rPois   +            d - +2 hat of Midwinter {Slay+2}
rElec   .            N - +3 cloak of Wisdom {Str+5}
rCorr   +            Q - +3 pair of gloves of Resourcefulness {rC+}
SInv    +            n - +2 pair of boots of the Dungeon {Drain Str+2 Slay+2}
Will    +....        z - amulet "Iceupsits" {Spirit rN+++ Str-3 SInv Stlth-} Stlth
                     P - +5 ring of evasion
HPRegen 0.70/turn    u - ring of Makhleb's Generosity {rC+ rCorr MP+9 Str+6 Int+3}
MPRegen 0.26/turn

%: guardian spirit
@: about to teleport, weak-willed, marked, contaminated, slowed, glowing, very
slow
A: horns 2, retaliatory headbutt, talons 1, thin skeletal structure 1, dopey 1,
low MP 1, robust 1, strong 1, no potion heal 1, heat vulnerability 1
}: 5/15 runes: barnacled, slimy, silver, abyssal, gossamer
a: Renounce Religion, Divine Shield, Cleansing Flame, Summon Divine Warrior,
Brand Weapon With Holy Wrath


You were on level 3 of the Tomb of the Ancients.
You worshipped the Shining One.
The Shining One was exalted by your worship.
You visited 12 branches of the dungeon, and saw 54 of its levels.
You visited the Abyss 4 times.
You visited 1 bazaar.
You visited 1 ziggurat, and saw 15 of its levels.
You also visited: Ice Cave, Wizlab and Desolation.

You collected 11121 gold pieces.
You spent 2217 gold pieces at shops.

Inventory:

Hand Weapons
 h - the +10 war axe of Fav Mon (weapon) {heavy, rN++ Str+2 Int-5 Stlth+}
   (You found it on level 2 of the Dungeon)

   Str:       It affects your strength (+2).
   Int:       It affects your intelligence (-5).
   rN:        It greatly protects you from negative energy.
   Stlth:     It makes you more stealthy.
 T - a +8 war axe of flaming
Missiles
 F - 3 silver javelins (quivered)
Armour
 c - +3 gold dragon scales (worn)
 d - the +2 hat of Midwinter (worn) {Slay+2}
   (You acquired it on level 13 of the Dungeon)

   Slay:      It affects your accuracy & damage with ranged weapons and melee
   (+2).
 n - the +2 pair of boots of the Dungeon (worn) {Drain Str+2 Slay+2}
   (You acquired it on level 3 of the Shoals)

   Str:       It affects your strength (+2).
   Slay:      It affects your accuracy & damage with ranged weapons and melee
   (+2).
   Drain:     It drains your maximum health when unequipped.
 v - the +1 tower shield of the Frog (worn) {rPois rF+ rC+ Dex+3}
   (You acquired it on level 1 of the Tomb of the Ancients)

   Dex:       It affects your dexterity (+3).
   rF:        It protects you from fire.
   rC:        It protects you from cold.
   rPois:     It protects you from poison.
 N - the +3 cloak of Wisdom (worn) {Str+5}
   (You found it on level 3 of the Depths)

   Str:       It affects your strength (+5).
 Q - the +3 pair of gloves of Resourcefulness (worn) {rC+}
   (You found it on level 4 of the Vaults)

   rC:        It protects you from cold.
Jewellery
 b - the macabre finger necklace {Finger+ rN+}
   (You found it on level 14 of a ziggurat)

   [amulet of nothing]

   Finger+:   It enables you to equip an extra ring.
   rN:        It protects you from negative energy.
 t - an amulet of the acrobat
 u - the ring of Makhleb's Generosity (right hand) {rC+ rCorr MP+9 Str+6 Int+3}
   (You found it in the Desolation of Salt)

   [ring of strength]

   Str:       It affects your strength (+6).
   Int:       It affects your intelligence (+3).
   rC:        It protects you from cold.
   MP:        It affects your magic capacity (+9).
   rCorr:     It protects you from acid and corrosion.
 y - the ring "Fitoa" {rF+++ rC+ rN++ rCorr Int-5}
   (You found it in the Desolation of Salt)

   [ring of protection from cold]

   Int:       It affects your intelligence (-5).
   rF:        It renders you almost immune to fire.
   rC:        It protects you from cold.
   rN:        It greatly protects you from negative energy.
   rCorr:     It protects you from acid and corrosion.
 z - the amulet "Iceupsits" (around neck) {Spirit rN+++ Str-3 SInv Stlth-}
   (You took it off a ragged hierophant in the Desolation of Salt)

   [amulet of guardian spirit]

   It causes incoming damage to be divided between your reserves of health and
   magic.
   Str:       It affects your strength (-3).
   rN:        It renders you almost immune to negative energy.
   SInv:      It lets you see invisible.
   Stlth:     It makes you less stealthy.
 K - a +5 ring of evasion
 P - a +5 ring of evasion (left hand)
 V - the ring of Secrets {Will++ AC+4 SInv}
   (You found it on level 3 of the Crypt)

   [ring of protection]

   AC:        It affects your AC (+4).
   SInv:      It lets you see invisible.
   Will:      It greatly increases your willpower.
Wands
 l - a wand of roots (150)
 m - a wand of charming (16)
 s - a wand of light (20)
 E - a wand of flame (132)
 J - a wand of digging (83)
 O - a wand of mindburst (27)
Scrolls
 e - 3 scrolls of magic mapping
 f - 13 scrolls of fog
 g - 26 scrolls of teleportation
 o - 2 scrolls of silence
 A - 16 scrolls of fear
 D - 3 scrolls of summoning
 L - 10 scrolls of poison
Potions
 i - 7 potions of magic
 j - 2 potions of heal wounds
 p - 3 potions of cancellation
 q - a potion of ambrosia
 r - 8 potions of might
 w - 27 potions of curing
 x - 20 potions of mutation
 C - 3 potions of berserk rage
 I - 3 potions of haste
 M - 2 potions of flight
 R - 2 potions of brilliance
Miscellaneous
 a - a condenser vane
 G - a lightning rod (4/4)


   Skills:
 O Level 27 Fighting
 O Level 27 Axes
 - Level 15.2 Throwing
 O Level 27 Armour
 O Level 27 Dodging
 + Level 13.9 Shields
 + Level 9.6 Summonings
 - Level 14.0 Invocations
 - Level 10.7 Evocations


You had 26 spell levels left.
You didn't know any spells.
Your spell library contained the following spells:

 Spells                   Type           Power      Damage    Failure   Level
 Summon Small Mammal      Summ           12%        N/A       6%          1
 Call Canine Familiar     Summ           3%         N/A       19%         3
 Summon Guardian Golem    Hex/Summ       1%         N/A       80%         3
 Necrotise                Necr           0%         1d4       97%         1
 Shock                    Conj/Air       0%         1d3       97%         1
 Slow                     Hex            0%         N/A       97%         1
 Momentum Strike          Conj/Tloc      0%         3d8       99%         2
 Scorch                   Fire           0%         2d5       99%         2
 Static Discharge         Conj/Air       0%         2-2/arc   99%         2
 Sublimation of Blood     Necr           0%         N/A       99%         2
 Wereblood                Tmut           0%         N/A       99%         2
 Animate Armour           Summ/Erth      2%         N/A       99%         4
 Summon Ice Beast         Ice/Summ       1%         N/A       99%         4
 Summon Lightning Spire   Summ/Air       1%         N/A       99%         4
 Confusing Touch          Hex            0%         N/A       100%        3
 Dazzling Flash           Conj/Hex       0%         N/A       100%        3
 Gell's Gravitas          Tloc           0%         N/A       100%        3
 Hailstorm                Conj/Ice       0%         3d3       100%        3
 Ignite Poison            Fire/Tmut/Pois 0%         N/A       100%        3
 Mephitic Cloud           Conj/Pois/Air  0%         N/A       100%        3
 Ozocubu's Armour         Ice            0%         N/A       100%        3
 Portal Projectile        Hex/Tloc       0%         N/A       100%        3
 Spider Form              Tmut/Pois      0%         N/A       100%        3
 Stone Arrow              Conj/Erth      0%         3d7       100%        3
 Teleport Other           Tloc           0%         N/A       100%        3
 Vampiric Draining        Necr           0%         2d6       100%        3
 Vhi's Electric Charge    Tloc/Air       0%         N/A       100%        3
 Volatile Blastmotes      Fire/Tloc      0%         2d10      100%        3
 Anguish                  Hex/Necr       0%         N/A       100%        4
 Cause Fear               Hex            0%         N/A       100%        4
 Flame Wave               Conj/Fire      0%         2d4       100%        4
 Fulminant Prism          Conj/Hex       0%         3d5       100%        4
 Iskenderun's Mystic Bla  Conj/Tloc      0%         2d3       100%        4
 Leda's Liquefaction      Hex/Erth       0%         N/A       100%        4
 Manifold Assault         Tloc           0%         N/A       100%        4
 Olgreb's Toxic Radiance  Pois           0%         N/A       100%        4
 Passage of Golubria      Tloc           0%         N/A       100%        4
 Petrify                  Tmut/Erth      0%         N/A       100%        4
 Agony                    Necr           0%         N/A       100%        5
 Arcjolt                  Conj/Air       0%         1d10      100%        5
 Freezing Cloud           Conj/Ice/Air   0%         6-21      100%        5
 Irradiate                Conj/Tmut      0%         3d11      100%        5
 Iskenderun's Battlesphe  Conj           0%         2d6       100%        5
 Lee's Rapid Deconstruct  Erth           0%         3d4*      100%        5
 Metabolic Englaciation   Hex/Ice        0%         N/A       100%        5
 Silence                  Hex/Air        0%         N/A       100%        5
 Summon Mana Viper        Hex/Summ       1%         N/A       100%        5
 Yara's Violent Unravell  Hex/Tmut       0%         3d3       100%        5
 Conjure Ball Lightning   Conj/Air       0%         3x3d6     100%        6
 Dispersal                Tloc           0%         N/A       100%        6
 Eringya's Noxious Bog    Tmut/Pois      0%         N/A       100%        6
 Iron Shot                Conj/Erth      0%         9d1       100%        6
 Simulacrum               Ice/Necr       0%         N/A       100%        6
 Statue Form              Tmut/Erth      0%         N/A       100%        6
 Summon Cactus Giant      Summ           1%         N/A       100%        6
 Enfeeble                 Hex            0%         N/A       100%        7
 Haunt                    Necr/Summ      0%         N/A       100%        7
 Orb of Destruction       Conj           0%         9d5       100%        7
 Ozocubu's Refrigeration  Ice            0%         4d7       100%        7
 Spellforged Servitor     Conj/Summ      0%         N/A       100%        7
 Storm Form               Tmut/Air       0%         N/A       100%        7
 Summon Hydra             Summ           1%         N/A       100%        7
 Discord                  Hex            0%         N/A       100%        8
 Disjunction              Tloc           0%         N/A       100%        8
 Ignition                 Fire           0%         3d3       100%        8
 Lehudib's Crystal Spear  Conj/Erth      0%         10d2      100%        8
 Maxwell's Capacitive Co  Air            0%         ∞         100%        8
 Chain Lightning          Conj/Air       0%         N/A       100%        9
 Fire Storm               Conj/Fire      0%         5d1       100%        9
 Polar Vortex             Ice            0%         N/A       100%        9
 Shatter                  Erth           0%         3d5*      100%        9


Dungeon Overview and Level Annotations

Branches:
Dungeon (15/15)            Temple (1/1) D:4            Lair (5/5) D:10
 Shoals (4/4) Lair:2       Spider (4/4) Lair:3        Slime (5/5) Lair:5
    Orc (2/2) D:10            Elf (3/3) Orc:2        Vaults (5/5) D:13
  Crypt (3/3) Vaults:2       Tomb (3/3) Crypt:3      Depths (4/4) D:15
    Zot (0/5) Depths:4      IceCv (visited)          WizLab (visited)
Desolation (visited)

Altars:
Ashenzari
Cheibriados
Dithmenos
Elyvilon
Fedhas
Gozag
Hepliaklqana
Kikubaaqudgha
Makhleb
Nemelex Xobeh
Okawaru
Qazlal
Ru
Sif Muna
Trog
Uskayaw
Vehumet
Wu Jian
Xom
Yredelemnul
Zin
The Shining One
Jiyva
Lugonu

Shops:
D:12 *   Orc:2 [=!(   Elf:1 *   Shoals:4 !   Vaults:1 (   Vaults:2 ?[*
Vaults:5 [   Depths:3 [[

Portals:
Hell: Depths:1 Depths:2 Depths:3 Depths:4
Abyss: Depths:2 Depths:3 Depths:4
Pandemonium: Depths:2
Trove: D:12 (give 5 potions of resistance)


Innate Abilities, Weirdness & Mutations

You have a pair of horns on your head.
You reflexively headbutt those who attack you in melee.
You have sharp toenails.
You have a somewhat thin skeletal structure. (Dex +2, Stealth+)
You are dopey. (Int -2)
Your magical capacity is low. (-10% MP)
You are robust. (+10% HP)
Your muscles are strong. (Str +4, Int/Dex -1)
Potions are less effective at restoring your health.
You are vulnerable to heat. (rF-)


Message History

* * * LOW HITPOINT WARNING * * *
Boris misses you. You furiously retaliate!
You headbutt Boris!!
You destroy Boris!
The Shining One accepts your kill.
You feel better.
You feel your power returning.
Boris says, "Kill me?
I think not!"
A royal mummy comes into view.
The royal mummy casts a spell.
The royal mummy gestures wildly while chanting.
As you read the scroll of teleportation, it crumbles to dust.
You feel strangely unstable. You block the death scarab's attack.
The death scarab bites you.
* * * LOW HITPOINT WARNING * * *
The death scarab drains your vigour!
You feel as though you will be slow longer.
The death scarab misses you. The bennu barely misses you.
You furiously retaliate!
You headbutt the bennu. You block the bennu's attack. x2
You hear a loud "Zot"!
You block the death scarab's attack.
The caustic shrike zombie claws you but does no damage.
The death scarab bites you.
* * * LOW HITPOINT WARNING * * *
The death scarab drains your vigour!
You feel as though you will be slow longer.
The bennu closely misses you. The bennu claws you but does no damage.
The bennu misses you.
The orange demon stings you but does no damage.
The royal mummy completely misses you. The death scarab barely misses you.
You furiously retaliate!
You headbutt the death scarab!
The royal mummy calls on the powers of darkness!
Your body is wracked with pain!
* * * LOW HITPOINT WARNING * * *
The bennu convulses!
The mummy priest invokes the aid of its god against you.
Something smites you!
* * * LOW HITPOINT WARNING * * *
The guardian mummy hits you!
* * * LOW HITPOINT WARNING * * *
The bennu pecks you but does no damage. The bennu claws you!
You die...

######## ###### #......#
#...$:# #^.†...###...?$=[
#...^.†##.....$}/
#...†^†##B.Z$.$$/
#3.....#BZB4..$$)|
#....†W#bMWzB.$$!=|:)##
+...Z9MMB@M4M..$$=/))/##
#n.MMZM#MBB4M..$$$|M/:|#
#...ML.#.BBz....$$$$$=[#
#☼...MM##B)..^.....$$$[#
##.○.MW.##....M.....$$$$#
##:.V○..M9##...M......$.)#
#....MM3M..##M†.........#
.☼○○○☼B☼9†!.##..........#
.9.MM.M.z†...##.......###


You could see 3 royal mummies, a bennu, an ancient champion (fast), 2 mummy
priests, an orange demon (summoned), a hellwing (summoned), 8 guardian mummies,
an ushabti, a rust devil (summoned), a freezing wraith (summoned), a wraith
(summoned), 10 death scarabs, a flying skull (summoned), a mummy, a dire
elephant simulacrum (summoned), 2 stone giant zombies and a caustic shrike
zombie.

Vanquished Creatures
  2 dread liches
  2 ancient liches
  A juggernaut (Depths:3)
  8 royal mummies
  Boris (twice) (Vaults:4 Tomb:3)
  The ghost of Eldin the Sorcerer, a veteran DEHW of Sif Muna (Vaults:2)
  2 Killer Klowns
  3 caustic shrikes
  The ghost of Bidatih the Peltast, an adept MiBe of Trog (Vaults:1)
  3 golden dragons
  Nikola (Elf:2)
  6 bone dragons
  A Brimstone Fiend (Zig:12)
  The ghost of Uhurapp the Wrestler, an adept DrDe of Makhleb (Elf:2)
  2 iron giants (Zig:7)
  2 doom hounds (Crypt:2)
  5 hellephants
  Jorgrun (D:15)
  The ghost of dorian the Executioner, an adept FoFi of Makhleb (Shoals:4)
  The ghost of Tombo the Severer, an adept MiFi of Yredelemnul (Shoals:3)
  6 tentacled monstrosities
  A walking crystal tome (Depths:3)
  13 liches
  The ghost of Oseizes the Hoplite, an adept DsBe of Trog (Vaults:1)
  4 searing wretches (Zig:12)
  A walking frostbound tome (Depths:2)
  A quicksilver dragon (Vaults:5)
  2 deep elf master archers
  The ghost of Yloucecuu the Ninja, a veteran SpEn of Dithmenos (Vaults:2)
  A walking earthen tome (Depths:2)
  6 titans
  5 ancient champions
  The ghost of Meskiwn the Party-goer, an adept VSBr of Uskayaw (Vaults:2)
  3 deep elf blademasters (Elf:3)
  An Executioner (Abyss:4)
  Polyphemus (Shoals:3)
  13 sphinxes
  12 tentacled starspawn
  Agnes (Spider:1)
  2 krakens
  23 acid blobs
  Gastronok (Lair:2)
  5 shadow dragons
  2 storm dragons
  6 tengu reavers
  Kirke (D:15)
  A draconian monk (Depths:4)
  7 rockslimes
  Roxanne (Elf:2)
  6 azure jellies
  2 fenstrider witches (Zig:10)
  7 revenants
  The ghost of Kamunia the Severer, a journeyman MiFi of Okawaru (Spider:1)
  A quicksilver elemental (Zig:7)
  9 ghost moths
  12 deep elf sorcerers
  A demonspawn warmonger (Zig:13)
  8 fire giants
  3 balrugs
  7 frost giants
  6 emperor scorpions
  16 vault wardens
  2 draconian shifters (Depths:4)
  Louise (Spider:1)
  An imperial myrmidon (Desolation)
  Aizul (Vaults:1)
  3 deep elf elementalists
  3 iron dragons
  A spriggan defender (Depths:4)
  A caustic shrike zombie (WizLab)
  3 curse skulls
  A cacodemon (Abyss:4)
  An orc warlord (Orc:1)
  2 juggernaut skeletons
  15 ironbound preservers
  2 reapers
  6 quicksilver oozes
  10 broodmothers
  7 ghouls
  15 stone giants
  5 war gargoyles
  2 green draconians
  An ophan (Abyss:5)
  46 very ugly things
  5 ironbound thunderhulks
  A demonspawn corrupter (Zig:13)
  A spectral titan (Crypt:3)
  13 deep elf demonologists
  8 deep elf annihilators
  4 bennus
  A putrid mouth (Crypt:2)
  12 dire elephants
  2 red draconians (Depths:4)
  6 vampire knights
  A black draconian (Abyss:3)
  A demonspawn black sun (Zig:4)
  A purple draconian (Depths:4)
  3 white draconians
  17 spark wasps
  11 eidola
  9 merfolk impalers
  6 halazid warlocks
  5 merfolk javelineers
  3 crystal guardians
  15 deep elf death magi
  3 spectral quicksilver dragons (WizLab)
  8 ettins
  A blizzard demon (Abyss:2)
  7 mummy priests
  A quicksilver dragon zombie (WizLab)
  10 jiangshi
  6 fire dragons
  6 ragged hierophants (Desolation)
  12 yaktaur captains
  12 entropy weavers
  26 vault guards
  11 deep elf high priests
  10 servants of whispers (Desolation)
  3 rakshasas
  8 great orbs of eyes
  3 catoblepae
  The ghost of Sapher the Alchemist, a journeyman SpDe of Jiyva (Shoals:4)
  2 ogre magi (Vaults:5)
  A spriggan zombie (Tomb:2)
  8 ice dragons
  17 peacekeepers
  A caustic shrike simulacrum (Crypt:3)
  5 merfolk avatars
  3 boulder beetles
  10 hydras
  A spriggan skeleton (Crypt:1)
  3 radroaches
  11 ironbound frosthearts
  7 merfolk aquamancers
  32 dancing weapons
  3 jorogumos
  2 alligator snapping turtles
  6 two-headed ogres
  11 centaur warriors
  4 death knights
  An Orb Guardian skeleton (Crypt:2)
  Erica (D:9)
  An azure jelly zombie (Crypt:3)
  6 deep troll earth magi
  6 tengu warriors
  8 hell hogs
  47 death scarabs
  A naga warrior (Abyss:4)
  7 deep troll shamans
  7 spriggan berserkers
  7 vampire magi
  20 death yaks
  15 thrashing horrors
  7 soul eaters
  5 orc high priests
  A sun demon (Depths:2)
  A storm dragon zombie (Crypt:2)
  13 wretched stars
  Sonja (D:10)
  15 deep elf knights
  19 shadow wraiths
  32 skeletal warriors
  A skyshark (shapeshifter) (Depths:4)
  Amaemon (Lair:2)
  7 spatial maelstroms
  20 sea snakes
  7 sixfirhies
  10 iron trolls (Depths:4)
  12 skysharks
  3 sun moths
  A death drake (shapeshifter) (Depths:2)
  A kraken simulacrum (Shoals:4)
  4 shadow demons
  3 spriggan druids (Zig:10)
  3 swamp dragons (Zig:10)
  7 pharaoh ants
  3 orb spiders
  42 deep trolls
  5 glowing orange brains
  2 bunyip skeletons
  An orb spider (shapeshifter) (Vaults:5)
  14 lindwurms
  4 wizards
  9 flayed ghosts
  2 bog bodies
  40 phantasmal warriors
  7 necromancers
  A quicksilver dragon simulacrum (Crypt:3)
  20 deep elf archers
  A death drake (Zig:6)
  3 spectral wolf spiders (WizLab)
  8 steelbarb worms
  8 orc knights
  20 ironbound convokers
  A mana viper (shapeshifter) (Vaults:4)
  An oklob plant (Lair:5)
  18 wolf spiders
  6 orc sorcerers
  3 shining eyes
  33 deep elf zephyrmancers
  12 harpies
  41 ugly things
  12 fauns
  34 deep elf pyromancers
  2 spectral spriggans
  A salamander (Depths:1)
  3 worldbinders
  2 will-o-the-wisps
  9 cyclopes
  18 manticores
  A spectral centaur (Crypt:3)
  4 black mambas
  2 apocalypse crabs
  3 moths of wrath (Spider:3)
  10 merfolk sirens
  2 guardian serpents
  15 smoke demons
  An orc zombie (Crypt:3)
  19 vault sentinels
  A guardian serpent (shapeshifter) (D:14)
  15 elephants
  10 water nymphs
  2 ice statues (IceCv)
  A water nymph (shapeshifter) (Vaults:5)
  3 eyes of devastation
  A naga mage (Abyss:4)
  A shock serpent zombie (Crypt:1)
  Maggie (D:8)
  A cane toad (shapeshifter) (Vaults:3)
  A molten gargoyle (Desolation)
  11 demonic crawlers
  5 orange demons
  A dire elephant skeleton (Crypt:3)
  A gargoyle (D:13)
  17 cane toads
  6 hellions
  A pale draconian zombie (Crypt:3)
  2 efreet
  4 torpor snails
  A sea snake zombie (Crypt:1)
  2 kobold demonologists (Depths:3)
  A redback zombie (Crypt:3)
  A naga skeleton (Abyss:4)
  4 unseen horrors
  14 komodo dragons
  10 rime drakes
  2 ice devils (Depths:2)
  23 yaktaurs
  An anaconda simulacrum (Crypt:3)
  35 guardian mummies
  A steelbarb worm zombie (Crypt:2)
  A tengu conjurer (Depths:4)
  2 unseen horror zombies
  3 tormentors
  8 freezing wraiths
  10 ancient zymes
  3 spectral harpies
  A silent spectre (Abyss:4)
  11 trolls
  A meliai (shapeshifter) (Depths:1)
  A catoblepas skeleton (Crypt:1)
  8 polar bears
  4 harpy zombies
  45 merfolk
  4 meliai (Spider:4)
  A polar bear (shapeshifter) (Zig:15)
  A tyrant leech (Zig:10)
  6 wind drakes
  A hellwing (Abyss:4)
  51 saltlings (Desolation)
  26 tarantellas
  36 raiju
  11 hornets
  The ghost of diceflayer the Slasher, an amateur DsGl (D:4)
  101 slime creatures
  Prince Ribbit (D:9)
  11 dream sheep
  A fire dragon zombie (Crypt:1)
  A hydra skeleton (Crypt:3)
  10 snapping turtles
  22 blink frogs
  A merfolk zombie (Crypt:1)
  A human simulacrum (Vaults:3)
  27 culicivoras
  38 flying skulls
  23 large abominations
  22 water elementals
  17 jumping spiders
  A centaur simulacrum (D:14)
  A black mamba zombie (Tomb:1)
  A spriggan (shapeshifter) (D:13)
  5 air elementals
  20 small abominations
  6 wyverns
  7 ushabtiu
  2 culicivoras (shapeshifter) (Elf:1)
  16 spriggans
  8 ynoxinuls
  18 wraiths
  5 vampires
  6 fire bats
  8 fire elementals
  13 shadows
  55 yaks
  4 basilisks
  4 hogs (D:15)
  6 golden eyes
  A death yak simulacrum (Lair:1)
  3 neqoxecs
  A steam dragon (D:8)
  62 redbacks
  10 vampire mosquitoes
  6 chaos spawn
  54 starcursed masses
  11 spatial vortices
  An ogre zombie (Vaults:3)
  4 wargs
  A harpy simulacrum (Abyss:4)
  2 nagas (Abyss:4)
  An acid dragon (D:11)
  A cane toad zombie (Crypt:2)
  A water nymph skeleton (Crypt:1)
  26 water moccasins
  5 hell hounds (Abyss:4)
  A glowing shapeshifter skeleton (Vaults:3)
  33 orc warriors
  3 ice beasts
  A human zombie (Vaults:3)
  A sky beast (D:6)
  8 black bears
  An ettin simulacrum (Vaults:3)
  7 boggarts
  A manticore zombie (Crypt:3)
  A tengu (shapeshifter) (Abyss:4)
  33 wolves
  A manticore skeleton (Crypt:3)
  6 centaurs
  8 ogres
  A rime drake skeleton (Crypt:2)
  A phantom (D:4)
  13 bullfrogs
  A gnoll sergeant (D:8)
  A naga simulacrum (Abyss:4)
  7 earth elementals
  2 scorpions
  21 wights
  4 killer bees (D:9)
  3 lindwurm simulacra (IceCv)
  An elephant simulacrum (Lair:1)
  A troll skeleton (Crypt:1)
  A raiju skeleton (Crypt:2)
  An electric eel (Lair:1)
  5 howler monkeys
  A shapeshifter skeleton (Crypt:2)
  8 jellies
  6 hounds
  6 komodo dragon simulacra (IceCv)
  11 orc priests
  3 gnoll boudas
  A centaur skeleton (Crypt:1)
  2 sleepcaps
  7 iguanas
  20 orc wizards
  12 hell rats
  44 mummies
  4 acid dragon simulacra (IceCv)
  22 gnolls
  5 adders
  A steam dragon zombie (Crypt:2)
  A shadow imp (D:5)
  A swamp drake skeleton (Crypt:1)
  A white imp (Abyss:4)
  8 steam dragon simulacra (IceCv)
  3 ufetubi
  2 adder zombies
  4 dart slugs
  67 orcs
  A ball python (shapeshifter) (Vaults:5)
  5 ball pythons
  6 bats
  9 endoplasms
  4 giant cockroaches
  4 goblins
  6 hobgoblins
  6 jackals
  8 quokkas
  7 frilled lizards
  5 kobolds
  6 rats
  A river rat skeleton (Crypt:3)
  A lurking horror (Abyss:4)
  9 starspawn tentacles
  2 tentacles
3057 creatures vanquished.

Vanquished Creatures (collateral kills)
  the Royal Jelly (Slime:5)
  The ghost of deprived the Bringer of Light, a veteran HOFi of the Shining One (Vaults:1)
  Boris (Crypt:2)
  Bai Suzhen (Shoals:4)
  The ghost of Hali the Executioner, a veteran FoFi of Dithmenos (Crypt:1)
  Saint Roka (Elf:2)
  Mlioglotl (Spider:1)
  Grunn (Crypt:3)
  Asterion (Spider:2)
  The ghost of PanSaczeczos the Warrior, an adept KoGl of Hepliaklqana (Shoals:4)
  Donald (Spider:1)
  An iron dragon (Depths:3)
  A balrug (Zig:12)
  A curse skull (Crypt:1)
  An ironbound preserver (Vaults:3)
  A reaper (Crypt:3)
  A spark wasp (Depths:3)
  A deep elf demonologist (Depths:3)
  2 hydras (D:14)
  A yaktaur captain (Vaults:3)
  A skeletal warrior (Crypt:3)
  3 deep trolls (Vaults:3)
  4 orb spiders
  A steelbarb worm (Spider:4)
  A cyclops (D:14)
  A jumping spider (Spider:1)
  A redback (Spider:2)
  A warg (Elf:2)
  A centaur (D:14)
  2 orcs (Elf:2)
37 creatures vanquished.

Vanquished Creatures (others)
  A searing wretch (Zig:12)
  A deep elf master archer (Zig:11)
  A sphinx (Tomb:1)
  A hydra (Zig:14)
  A dancing weapon (Elf:2)
  A boulder beetle (Zig:9)
  A deep elf archer (Elf:1)
  A deep troll (Vaults:2)
  A phantasmal warrior (Vaults:5)
  A deep elf pyromancer (Elf:1)
  2 deep elf zephyrmancers
  A large abomination (Abyss:4)
  A cane toad (Zig:14)
  A merfolk (Zig:5)
  A bloated husk (Zig:10)
  A harpy skeleton (Abyss:4)
  2 raiju
  A flying skull (WizLab)
  A slime creature (Vaults:1)
  An air elemental (Zig:11)
  A water elemental (Elf:3)
  A yak (D:8)
  A neqoxec (Abyss:4)
  An orc warrior (Orc:1)
  An orc priest (Orc:2)
  An orc (Orc:2)
  A bush (Lair:2)
  12 foxfires
  88 fungi
  A lurking horror (Abyss:2)
  238 plants
  14 starspawn tentacles
  10 tentacles
  2 withered plants (Shoals:4)
394 creatures vanquished.

Grand Total: 3488 creatures vanquished

Notes
Turn   | Place    | Note
-------+----------+-------------------------------------------
     0 | D:1      | suse60 the Minotaur Gladiator began the quest for the Orb.
     0 | D:1      | Reached XP level 1. HP: 18/18 MP: 0/0
   117 | D:1      | Reached XP level 2. HP: 25/25 MP: 1/1
   488 | D:2      | Found a faded altar of an unknown god.
   580 | D:2      | Identified the +10 war axe of Fav Mon {heavy, rN++ Str+2
                  | Int-5 Stlth+}
   584 | D:2      | Reached XP level 3. HP: 31/31 MP: 2/2
   851 | D:2      | Reached XP level 4. HP: 24/40 MP: 3/3
  1718 | D:3      | Reached XP level 5. HP: 37/46 MP: 4/4
  1874 | D:3      | Reached skill level 5 in Axes
  2177 | D:3      | Found a shadowy altar of Dithmenos.
  2364 | D:3      | Gained mutation: Your flesh is cold resistant. (rC+)
                  | [potion of mutation]
  2364 | D:3      | Gained mutation: You are covered in fur. (AC +1) [potion of
                  | mutation]
  2366 | D:4      | Noticed an ice beast
  2394 | D:4      | Found a white marble altar of Elyvilon.
  2423 | D:4      | Noticed a phantom
  2430 | D:4      | Killed a phantom
  2431 | D:4      | Reached skill level 5 in Dodging
  2455 | D:4      | Reached XP level 6. HP: 45/55 MP: 5/5
  2497 | D:4      | Reached skill level 5 in Fighting
  2669 | D:4      | Found a staircase to the Ecumenical Temple.
  2681 | Temple   | Entered the Ecumenical Temple
  2824 | D:4      | Found a runed translucent gate.
  2824 | D:4      | Noticed diceflayer's ghost (amateur DsGl)
  2825 | D:4      | Found a runed translucent gate.
  2826 | D:4      | Found a runed translucent gate.
  3065 | D:4      | You fall into a shaft and drop 2 floors!
  3301 | D:6      | Reached XP level 7. HP: 56/61 MP: 6/6
  3385 | D:6      | Found a shimmering altar of Xom.
  3386 | D:6      | Found an iron altar of Okawaru.
  3441 | D:5      | Entered Level 5 of the Dungeon
  3441 | D:5      | Found a radiant altar of Vehumet.
  3484 | D:5      | Identified the +4 dagger of Valour {heavy, rN+ Str+3}
  3503 | D:5      | Found a snail-covered altar of Cheibriados.
  3598 | D:4      | Found a burning altar of Makhleb.
  3693 | D:4      | Found a broken altar of Ashenzari.
  3901 | D:5      | Reached XP level 8. HP: 71/71 MP: 7/7
  4155 | D:5      | Found a glowing golden altar of the Shining One.
  4162 | D:5      | Became a worshipper of the Shining One
  4797 | D:6      | Noticed a manticore
  5033 | D:6      | Killed a manticore
  5034 | D:6      | Reached XP level 9. HP: 82/82 MP: 8/8
  5666 | D:4      | Killed diceflayer's ghost
  5953 | D:7      | Reached skill level 10 in Axes
  6311 | D:7      | Reached * piety under the Shining One
  6446 | D:8      | Reached skill level 10 in Fighting
  6582 | D:8      | Reached XP level 10. HP: 93/93 MP: 9/9
  6620 | D:8      | Found a stormy altar of Qazlal.
  6737 | D:8      | Noticed Maggie
  6743 | D:8      | Reached ** piety under the Shining One
  6748 | D:8      | Noticed a two-headed ogre
  6753 | D:8      | Killed Maggie
  6754 | D:8      | Reached skill level 10 in Dodging
  6758 | D:8      | Reached skill level 1 in Invocations
  6781 | D:8      | Killed a two-headed ogre
  6824 | D:8      | Noticed a two-headed ogre
  6831 | D:8      | Killed a two-headed ogre
  6899 | D:8      | Found a sparkling altar of Nemelex Xobeh.
  7250 | D:9      | Noticed a two-headed ogre
  7251 | D:9      | Noticed Prince Ribbit
  7256 | D:9      | Killed a two-headed ogre
  7260 | D:9      | Killed Prince Ribbit
  7390 | D:9      | Found a hide-covered altar of Uskayaw.
  7550 | D:9      | Reached XP level 11. HP: 104/104 MP: 13/13
  7571 | D:9      | Noticed Erica
  7587 | D:9      | Killed Erica
  7588 | D:9      | Reached skill level 5 in Invocations
  7757 | D:9      | Found an ornate altar of the Wu Jian Council.
  7913 | D:10     | Entered Level 10 of the Dungeon
  7913 | D:10     | Found a blossoming altar of Fedhas.
  8202 | D:10     | Found a staircase to the Orcish Mines.
  8205 | D:10     | Noticed Sonja
  8218 | D:10     | Killed Sonja
  8357 | D:10     | Found a staircase to the Lair.
  8689 | Lair:1   | Entered Level 1 of the Lair of Beasts
  8757 | Lair:1   | Found a frozen archway.
  8761 | Lair:1   | Reached *** piety under the Shining One
  8792 | IceCv    | Entered an ice cave
  9322 | IceCv    | Reached **** piety under the Shining One
  9322 | IceCv    | Noticed a white draconian
  9328 | IceCv    | Reached XP level 12. HP: 116/116 MP: 12/16
  9330 | IceCv    | Killed a white draconian
  9380 | IceCv    | Identified the ring of Tashriut {rPois rN++ Will+ rCorr
                  | Str-5}
  9503 | IceCv    | Identified the staff of earth "Segg" {rF+}
 10583 | Lair:2   | Noticed a death yak
 10583 | Lair:2   | Noticed a death yak
 10598 | Lair:2   | Killed a death yak
 10624 | Lair:2   | Killed a death yak
 10634 | Lair:2   | Noticed a death yak
 10638 | Lair:2   | Noticed a death yak
 10639 | Lair:2   | Noticed a death yak
 10640 | Lair:2   | Noticed a death yak
 10644 | Lair:2   | Killed a death yak
 10645 | Lair:2   | Reached skill level 15 in Axes
 10648 | Lair:2   | Killed a death yak
 10652 | Lair:2   | Killed a death yak
 10655 | Lair:2   | Killed a death yak
 10656 | Lair:2   | Reached skill level 15 in Fighting
 10843 | Lair:2   | Reached ***** piety under the Shining One
 10940 | Lair:2   | Reached XP level 13. HP: 119/127 MP: 19/19
 10949 | Lair:2   | Found a staircase to the Shoals.
 11056 | Lair:2   | Reached skill level 10 in Invocations
 11123 | Lair:2   | Noticed Gastronok
 11154 | Lair:2   | Killed Gastronok
 11155 | Lair:2   | Reached skill level 1 in Armour
 11440 | Lair:2   | Noticed Amaemon
 11446 | Lair:2   | Killed Amaemon
 12484 | Lair:3   | Reached skill level 5 in Armour
 12514 | Lair:3   | Found a hole to the Spider Nest.
 13024 | Lair:3   | Reached XP level 14. HP: 138/138 MP: 20/20
 13917 | Lair:5   | Entered Level 5 of the Lair of Beasts
 14086 | Lair:5   | Found a staircase to the Slime Pits.
 14138 | Lair:5   | Reached ****** piety under the Shining One
 14555 | Lair:5   | Reached skill level 10 in Armour
 16244 | D:12     | Found Rutea's Neck Hole.
 16370 | D:12     | Reached XP level 15. HP: 131/150 MP: 21/21
 16814 | D:12     | Found a portal to a secret trove of treasure.
 17471 | D:13     | Found a gate to the Vaults.
 18093 | Orc:1    | Entered Level 1 of the Orcish Mines
 18533 | Orc:2    | Entered Level 2 of the Orcish Mines
 18615 | Orc:2    | Found a staircase to the Elven Halls.
 19064 | Orc:2    | Paralysed by an orc sorcerer for 2 turns
 19368 | Orc:2    | Found Kiur's Distillery.
 19368 | Orc:2    | Found Gakuc's Weapon Shop.
 19376 | Orc:2    | Found Dateuck's Jewellery Shop.
 19376 | Orc:2    | Found Wissaoc's Armour Emporium.
 19385 | Orc:2    | Bought a +1 pair of gloves for 172 gold pieces
 19387 | Orc:2    | Bought a potion of curing for 48 gold pieces
 19387 | Orc:2    | Bought 2 potions of heal wounds for 160 gold pieces
 19389 | Orc:2    | Bought a +0 pair of boots of flying for 172 gold pieces
 19676 | Shoals:1 | Entered Level 1 of the Shoals
 19676 | Shoals:1 | Found a flickering gateway to a bazaar.
 19691 | Bazaar   | Entered a bazaar
 19693 | Bazaar   | Found Ushral's Assorted Antiques.
 19697 | Bazaar   | Found Egrifoi's Weapon Boutique.
 19697 | Bazaar   | Found Jifraipo's Book Boutique.
 19697 | Bazaar   | Found Damput's General Store.
 19733 | Bazaar   | Bought a scroll of teleportation for 30 gold pieces
 19733 | Bazaar   | Bought 2 scrolls of teleportation for 60 gold pieces
 19733 | Bazaar   | Bought a scroll of fog for 40 gold pieces
 19978 | Shoals:1 | Noticed a kraken
 19986 | Shoals:1 | Killed a kraken
 21364 | Shoals:2 | Reached XP level 16. HP: 143/162 MP: 23/23
 22187 | Shoals:2 | Noticed a kraken
 22193 | Shoals:2 | Killed a kraken
 22411 | Shoals:3 | Noticed Polyphemus
 22655 | Shoals:3 | Killed Polyphemus
 22706 | Shoals:3 | Identified a scroll of acquirement
 22720 | Shoals:3 | Acquired the +2 pair of boots of the Dungeon {Drain Str+2
                  | Slay+2}
 23881 | Shoals:4 | Entered Level 4 of the Shoals
 24739 | Shoals:4 | Identified the +1 flail of the Burning Scorpion {drain,
                  | Int+4}
 25080 | Shoals:4 | Got a barnacled rune of Zot
 25181 | Shoals:4 | Found a runed translucent gate.
 25181 | Shoals:4 | Found a runed translucent gate.
 25181 | Shoals:4 | Found a runed translucent gate.
 25181 | Shoals:4 | Noticed Tombo's ghost (adept MiFi)
 25182 | Shoals:4 | Noticed Sapher's ghost (journeyman SpDe)
 25182 | Shoals:4 | Noticed dorian's ghost (adept FoFi)
 25182 | Shoals:4 | Noticed PanSaczeczos's ghost (adept KoGl)
 25195 | Shoals:4 | Killed PanSaczeczos's ghost
 25204 | Shoals:4 | Killed dorian's ghost
 25391 | Shoals:4 | Killed Sapher's ghost
 25407 | Shoals:3 | Killed Tombo's ghost
 25596 | Shoals:4 | Reached XP level 17. HP: 168/173 MP: 24/24
 25833 | Shoals:4 | Noticed Bai Suzhen
 26215 | Spider:1 | Entered Level 1 of the Spider Nest
 26215 | Spider:1 | Noticed Donald
 26222 | Spider:1 | Killed Donald
 26307 | Spider:1 | Noticed Mlioglotl
 26366 | Spider:1 | Found a runed translucent gate.
 26367 | Spider:1 | Found a runed translucent gate.
 26368 | Spider:1 | Found a runed translucent gate.
 26369 | Spider:1 | Noticed Kamunia's ghost (journeyman MiFi)
 26400 | Spider:1 | Noticed Agnes
 26407 | Spider:1 | Killed Agnes
 26408 | Spider:1 | Reached skill level 1 in Shields
 26840 | Spider:1 | Killed Mlioglotl
 26914 | Spider:1 | Noticed Louise
 26921 | Spider:1 | Killed Louise
 27200 | Spider:1 | Killed Kamunia's ghost
 27212 | Spider:1 | Identified the +1 cloak "Uhasm" {Drain rF+ Int+4}
 27494 | Spider:2 | Noticed Asterion
 27509 | Spider:2 | Killed Asterion
 27510 | Spider:2 | Reached skill level 5 in Shields
 29574 | Spider:4 | Entered Level 4 of the Spider Nest
 30010 | Spider:4 | Reached XP level 18. HP: 95/185 MP: 11/25
 30815 | Spider:4 | Identified the +10 short sword of the Transmuting Gnat
                  | {heavy, Dex+6}
 31263 | Spider:4 | Got a gossamer rune of Zot
 32324 | D:14     | Reached skill level 10 in Shields
 32371 | D:14     | Found a sacrificial altar of Ru.
 32497 | D:15     | Entered Level 15 of the Dungeon
 32671 | D:15     | Found a staircase to the Depths.
 32856 | D:15     | Noticed Kirke
 32862 | D:15     | Killed Kirke
 32863 | D:15     | Noticed Jorgrun
 32869 | D:15     | Killed Jorgrun
 33655 | Vaults:1 | Entered Level 1 of the Vaults
 33767 | Vaults:1 | Found a magical portal.
 33774 | WizLab   | Entered Borgnjor's Mausoleum
 34041 | WizLab   | Reached XP level 19. HP: 198/198 MP: 26/26
 35100 | Vaults:1 | Noticed Aizul
 35112 | Vaults:1 | Killed Aizul
 35537 | Vaults:1 | Found Elass's Antique Weapon Emporium.
 36646 | Vaults:2 | Found Misauzaplu's Assorted Antiques.
 36654 | Vaults:2 | Bought a scroll of fear for 116 gold pieces
 36688 | Vaults:2 | Found Roppiut's Armour Shoppe.
 36745 | Vaults:2 | Found a huge runed gate.
 36745 | Vaults:2 | Found a huge runed gate.
 36745 | Vaults:2 | Found a huge runed gate.
 36745 | Vaults:2 | Found a huge runed gate.
 36745 | Vaults:2 | Found a huge runed gate.
 36745 | Vaults:2 | Found a huge runed gate.
 36745 | Vaults:2 | Found a huge runed gate.
 36746 | Vaults:2 | Found a huge runed gate.
 36746 | Vaults:2 | Found a huge runed gate.
 36746 | Vaults:2 | Found a huge runed gate.
 36751 | Vaults:2 | Found a huge runed gate.
 36751 | Vaults:2 | Found a huge runed gate.
 36751 | Vaults:2 | Found a huge runed gate.
 36751 | Vaults:2 | Found a huge runed gate.
 36751 | Vaults:2 | Found a huge runed gate.
 36751 | Vaults:2 | Found a huge runed gate.
 36752 | Vaults:2 | Found a huge runed gate.
 36753 | Vaults:2 | Found a huge runed gate.
 36754 | Vaults:2 | Found a huge runed gate.
 36763 | Vaults:2 | Found a huge runed gate.
 36763 | Vaults:2 | Found a huge runed gate.
 36763 | Vaults:2 | Found a huge runed gate.
 36763 | Vaults:2 | Found a huge runed gate.
 36763 | Vaults:2 | Found a huge runed gate.
 36763 | Vaults:2 | Found a huge runed gate.
 36764 | Vaults:2 | Found a huge runed gate.
 36778 | Vaults:2 | Found a huge runed gate.
 36779 | Vaults:2 | Found a huge runed gate.
 36787 | Vaults:2 | Found a huge runed gate.
 36787 | Vaults:2 | Found a huge runed gate.
 36787 | Vaults:2 | Found a huge runed gate.
 36787 | Vaults:2 | Found a huge runed gate.
 36787 | Vaults:2 | Found a huge runed gate.
 36787 | Vaults:2 | Found a huge runed gate.
 36993 | Vaults:2 | Reached XP level 20. HP: 124/209 MP: 27/27
 37276 | Vaults:2 | Found a staircase to the Crypt.
 37572 | Vaults:2 | Found a huge runed gate.
 37572 | Vaults:2 | Found a huge runed gate.
 37737 | Vaults:2 | Found Qemowkudgh's Magic Scroll Emporium.
 37760 | Vaults:2 | Bought a scroll of fear for 64 gold pieces
 37760 | Vaults:2 | Bought a scroll of poison for 64 gold pieces
 37760 | Vaults:2 | Bought a scroll of enchant armour for 120 gold pieces
 37862 | Vaults:2 | Noticed Meskiwn's ghost (adept VSBr)
 37862 | Vaults:2 | Noticed Eldin's ghost (veteran DEHW)
 37862 | Vaults:2 | Noticed deprived's ghost (veteran HOFi)
 37862 | Vaults:2 | Noticed Oseizes's ghost (adept DsBe)
 37862 | Vaults:2 | Noticed Bidatih's ghost (adept MiBe)
 37868 | Vaults:2 | Noticed Yloucecuu's ghost (veteran SpEn)
 37886 | Vaults:2 | Killed Meskiwn's ghost
 37894 | Vaults:1 | Killed Bidatih's ghost
 37899 | Vaults:1 | Killed deprived's ghost
 38094 | Vaults:1 | Killed Oseizes's ghost
 38208 | Vaults:2 | Killed Yloucecuu's ghost
 38223 | Vaults:2 | Killed Eldin's ghost
 38224 | Vaults:2 | Reached skill level 15 in Armour
 38258 | Vaults:2 | Identified the staff of earth "Anarotyf" {rC+ rN+ Str+3
                  | Dex-5}
 38318 | Crypt:1  | Entered Level 1 of the Crypt
 38321 | Crypt:1  | Identified the +0 ring mail "Dudwep" {Str+4}
 39245 | Crypt:1  | Found a runed translucent gate.
 39245 | Crypt:1  | Found a runed translucent gate.
 39245 | Crypt:1  | Found a runed translucent gate.
 39245 | Crypt:1  | Noticed Hali's ghost (veteran FoFi)
 39321 | Crypt:1  | Killed Hali's ghost
 39362 | Crypt:1  | Identified the +4 dagger of Cinke {elec, rF- rC+++ Dex+4}
 40236 | Crypt:3  | Entered Level 3 of the Crypt
 40509 | Crypt:3  | Reached XP level 21. HP: 221/221 MP: 28/28
 40549 | Crypt:3  | Found an ancient bone altar of Kikubaaqudgha.
 40782 | Crypt:3  | Noticed Grunn
 40794 | Crypt:3  | Noticed Boris
 41334 | Crypt:3  | Killed Grunn
 41505 | Crypt:2  | Killed Boris
 42403 | Crypt:3  | Found a staircase to the Tomb.
 43030 | Crypt:3  | Identified the ring of Secrets {Will++ AC+4 SInv}
 43062 | Crypt:3  | Identified the +0 leather armour of the Sturgeon {Drain Fly
                  | Slay+5}
 43929 | Shoals:4 | Killed Bai Suzhen
 43930 | Shoals:4 | Reached skill level 27 in Axes
 44219 | Shoals:4 | Reached skill level 27 in Fighting
 44495 | Shoals:4 | Found Ofaepry's Distillery.
 44503 | Shoals:4 | Bought a potion of might for 60 gold pieces
 44503 | Shoals:4 | Bought a potion of heal wounds for 75 gold pieces
 44503 | Shoals:4 | Bought 2 potions of might for 120 gold pieces
 44927 | Elf:1    | Entered Level 1 of the Elven Halls
 45403 | Elf:1    | Found Uroag's Gadget Gallery.
 45411 | Elf:1    | Bought a wand of roots (1) for 28 gold pieces
 45411 | Elf:1    | Bought a wand of roots (4) for 115 gold pieces
 45411 | Elf:1    | Bought a wand of light (4) for 201 gold pieces
 45411 | Elf:1    | Bought a wand of roots (4) for 115 gold pieces
 45610 | Elf:1    | Paralysed by an air elemental for 1 turns
 46021 | Abyss:2  | Cast into level 2 of the Abyss (deep elf archer)
 46234 | Abyss:2  | Reached XP level 22. HP: 209/233 MP: 29/29
 46432 | Elf:1    | Escaped the Abyss
 47468 | Elf:2    | Paralysed by an air elemental for 1 turns
 47815 | Elf:2    | Found a runed translucent door.
 47816 | Elf:2    | Noticed Uhurapp's ghost (adept DrDe)
 47825 | Elf:2    | Killed Uhurapp's ghost
 47864 | Elf:2    | Noticed Roxanne
 47966 | Elf:2    | Identified the staff of cold "Upururumm" {rC+ MP+9}
 47968 | Elf:2    | Got the Enchiridion on the Wendigo and Superposition
 47970 | Elf:2    | Identified the +2 chain mail "Luimax" {rPois rF+ Will-
                  | Str+4}
 48071 | Elf:2    | Found a runed translucent gate.
 48072 | Elf:2    | Found a runed translucent gate.
 48073 | Elf:2    | Found a runed translucent gate.
 48397 | Elf:2    | Noticed Nikola
 48404 | Elf:2    | Killed Nikola
 48436 | Elf:2    | Noticed Saint Roka
 48896 | Elf:2    | Killed Saint Roka
 49217 | Elf:2    | Killed Roxanne
 49238 | Elf:3    | Entered Level 3 of the Elven Halls
 49532 | Abyss:3  | Cast into level 3 of the Abyss (a deep elf sorcerer)
 49711 | Elf:3    | Escaped the Abyss
 50211 | Elf:3    | Got the Spellbook of the Reshaped Charnel House
 50265 | Elf:3    | Identified the +1 robe of Laczy {Will+ Regen+}
 50338 | Elf:3    | Gained mutation: You are clumsy. (Dex -2) [a neqoxec]
 50342 | Elf:3    | Gained mutation: You are very clumsy. (Dex -4) [a neqoxec]
 50508 | Elf:3    | Paralysed by an air elemental for 1 turns
 50513 | Elf:3    | Paralysed by an air elemental for 1 turns
 50519 | Elf:3    | Reached XP level 23. HP: 240/240 MP: 30/30
 50523 | Elf:3    | Identified the staff of air "Desmiom" {rElec rPois}
 50523 | Elf:3    | Identified the +4 chain mail "Goademud" {Harm Regen+}
 50935 | Elf:3    | Identified the +0 ring mail of Qazlal's Esteem {+Inv rPois
                  | Will+++ Int-3}
 51301 | Vaults:2 | Bought a potion of curing for 87 gold pieces
 52661 | Vaults:3 | Lost mutation: Your flesh is cold resistant. (rC+) [potion
                  | of mutation]
 52661 | Vaults:3 | Lost mutation: You are covered in fur. (AC +1) [potion of
                  | mutation]
 52661 | Vaults:3 | Gained mutation: You are frail. (-10% HP) [potion of
                  | mutation]
 52661 | Vaults:3 | Lost mutation: You are very clumsy. (Dex -4) [potion of
                  | mutation]
 52661 | Vaults:3 | Gained mutation: Your flesh is cold resistant. (rC+)
                  | [potion of mutation]
 52662 | Vaults:3 | Lost mutation: Your flesh is cold resistant. (rC+) [potion
                  | of mutation]
 52662 | Vaults:3 | Lost mutation: You are frail. (-10% HP) [potion of
                  | mutation]
 52662 | Vaults:3 | Lost mutation: You are clumsy. (Dex -2) [potion of
                  | mutation]
 52662 | Vaults:3 | Gained mutation: You are clumsy. (Dex -2) [potion of
                  | mutation]
 52662 | Vaults:3 | Gained mutation: You expend magic power (3 MP) to
                  | strengthen your wands. [potion of mutation]
 52662 | Vaults:3 | Gained mutation: Your muscles are strong. (Str +4, Int/Dex
                  | -1) [potion of mutation]
 52663 | Vaults:3 | Lost mutation: You expend magic power (3 MP) to strengthen
                  | your wands. [potion of mutation]
 52663 | Vaults:3 | Lost mutation: You are clumsy. (Dex -2) [potion of
                  | mutation]
 52663 | Vaults:3 | Gained mutation: You are robust. (+10% HP) [potion of
                  | mutation]
 52663 | Vaults:3 | Gained mutation: You have hidden genetic potential. [potion
                  | of mutation]
 52817 | Vaults:4 | Found a crumbling gateway.
 52829 | Desolati | Entered the Desolation of Salt
 52960 | Desolati | Identified the +0 bardiche "Deetzibe" {venom, Fly rC+ Str-2
                  | SInv}
 52980 | Desolati | Identified the ring of Makhleb's Generosity {rC+ rCorr MP+9
                  | Str+6 Int+3}
 52994 | Desolati | Identified the ring "Fitoa" {rF+++ rC+ rN++ rCorr Int-5}
 53266 | Desolati | Identified the amulet "Iceupsits" {Spirit rN+++ Str-3 SInv
                  | Stlth-}
 53372 | Desolati | Identified the +2 ring mail "Sianafup" {+Inv rElec rF+
                  | Int+3}
 53394 | Desolati | Identified the ring "Yhosch" {MP+9 Str-5 Int+6 Dex+2}
 53397 | Desolati | Got the Folio of Floating Trauma
 53457 | Desolati | Identified the +2 leather armour of Shielding {rF+}
 53505 | Desolati | Got the Vellum of Pyromania
 53509 | Desolati | Got the Discourse on Puissant Freezing
 53514 | Desolati | Identified the staff of conjuration "Saocuth" {rN+ SInv}
 53667 | Desolati | Found the +0 mask of the Dragon {Will+ Slay+3 SInv}
 53883 | Vaults:4 | Reached skill level 27 in Armour
 54321 | Vaults:4 | Noticed Boris
 54346 | Vaults:4 | Killed Boris
 54359 | Vaults:4 | Identified the +3 pair of gloves of Resourcefulness {rC+}
 54761 | Vaults:5 | Entered Level 5 of the Vaults
 55112 | Vaults:5 | Reached skill level 15 in Dodging
 55113 | Vaults:5 | Noticed an ancient lich
 55200 | Vaults:4 | Killed an ancient lich
 55248 | Vaults:5 | Noticed an ancient lich
 55250 | Vaults:5 | Reached XP level 24. HP: 261/273 MP: 30/30
 55446 | Vaults:5 | Killed an ancient lich
 56774 | Vaults:5 | Found Yssar's Antique Armour Shoppe.
 56790 | Vaults:5 | Got a silver rune of Zot
 57197 | Vaults:5 | Gained mutation: You have a somewhat thin skeletal
                  | structure. (Dex +2, Stealth+) [hidden potential]
 57603 | D:13     | Acquired the +2 hat of Midwinter {Slay+2}
 57816 | Slime:1  | Entered Level 1 of the Pits of Slime
 58189 | Slime:2  | Found a viscous altar of Jiyva.
 58480 | Slime:5  | Entered Level 5 of the Pits of Slime
 59082 | Slime:5  | Noticed the Royal Jelly
 59122 | Slime:5  | Killed the Royal Jelly
 59695 | Slime:5  | Identified the +1 mace of the Enfolding Vulture {venom,
                  | rElec Will+ Int-4}
 59713 | Slime:5  | Identified the staff of earth "Zauvak" {Will++ rCorr Dex+2}
 59721 | Slime:5  | Got the Tome of Peccant Execration
 59730 | Slime:5  | Got a slimy rune of Zot
 59739 | Slime:5  | Identified the staff of death "Uveesyax" {rPois rN+ Will+
                  | rCorr}
 59765 | Slime:5  | Identified the ring "Qoanliess" {Ice Will+ Str-2 Int+4}
 60231 | Depths:1 | Entered Level 1 of the Depths
 60759 | Depths:1 | Found a gateway to Hell.
 61223 | Depths:1 | Found an ornate altar of the Wu Jian Council.
 61688 | Depths:2 | Reached XP level 25. HP: 282/282 MP: 30/30
 61919 | Depths:2 | Found a one-way gate to the infinite horrors of the Abyss.
 62405 | Depths:2 | Found a one-way gate leading to the halls of Pandemonium.
 62756 | Depths:2 | Identified the staff of air "Arheitov" {rElec rN+ Dex+5}
 62944 | Depths:3 | Found a shimmering blue altar of Sif Muna.
 62976 | Depths:3 | Gained mutation: You have sharp toenails. [hidden
                  | potential]
 62976 | Depths:3 | Lost mutation: You have hidden genetic potential. [hidden
                  | potential expressed]
 63000 | Depths:3 | Identified the +10 great sword of Zeckoucw {flame, Fragile
                  | rElec rF+ Str+8}
 63100 | Depths:3 | Identified the amulet of Xom's Amusement {RegenMP Dex+3}
 63285 | Depths:3 | Noticed a juggernaut
 63350 | Depths:3 | Found a one-way gateway to a ziggurat.
 63459 | Depths:3 | Found Kuqoejoetz's Antique Armour Shoppe.
 63459 | Depths:3 | Found Duaczag's Armour Emporium.
 63495 | Depths:3 | Bought a pair of steaming boots for 370 gold pieces
 63495 | Depths:3 | Identified the +0 pair of boots "Xoux" {*Slow rElec Int+2}
                  | (You bought it in a shop on level 3 of the Depths)
 63665 | Depths:3 | Found a transporter.
 63666 | Depths:3 | Found a transporter.
 63669 | Depths:3 | Identified the ring "Vappugai" {rCorr Str+6}
 63966 | Depths:3 | Killed a juggernaut
 64005 | Depths:3 | Identified the +3 cloak of Wisdom {Str+5}
 64079 | Depths:4 | Entered Level 4 of the Depths
 64176 | Depths:4 | Found a gate to the Realm of Zot.
 64680 | Depths:4 | Identified the +1 helmet "Tomevvia" {rElec Dex+2 SInv}
 64917 | Depths:4 | Reached XP level 26. HP: 286/292 MP: 30/30
 65114 | Zig:1    | Entered Level 1 of a ziggurat
 65129 | Zig:2    | Entered Level 2 of a ziggurat
 65142 | Zig:3    | Entered Level 3 of a ziggurat
 65162 | Zig:3    | Identified the +1 falchion of Unkuxise {speed, rN++ Dex+7}
 65165 | Zig:3    | Identified the +5 falchion "Cihaczaf" {heavy, rN+ Dex+3}
 65168 | Zig:4    | Entered Level 4 of a ziggurat
 65483 | Zig:5    | Entered Level 5 of a ziggurat
 65608 | Zig:6    | Entered Level 6 of a ziggurat
 65667 | Zig:6    | Reached XP level 27. HP: 300/300 MP: 30/30
 65669 | Zig:7    | Entered Level 7 of a ziggurat
 65699 | Zig:7    | Identified the +2 chain mail of Kyrerith {rPois Str+4}
 65709 | Zig:7    | Identified the +0 robe "Daosotioss" {rC++ Str+4 Dex-3}
 65847 | Zig:8    | Entered Level 8 of a ziggurat
 65869 | Zig:8    | Reached skill level 27 in Dodging
 65875 | Zig:8    | Reached skill level 1 in Evocations
 65927 | Zig:9    | Entered Level 9 of a ziggurat
 66115 | Zig:9    | Identified the +1 scale mail of Jigsaw {Fly Regen+ Str-5
                  | Dex+8}
 66127 | Zig:9    | Got the Octavo of Arcane Combat
 66132 | Zig:9    | Acquired 722 gold pieces
 66198 | Zig:10   | Entered Level 10 of a ziggurat
 66277 | Zig:10   | Identified the +1 war axe of Charity {venom, rCorr}
 66278 | Zig:10   | Identified the +6 quarterstaff of Paorimm {flame, Int+4}
 66291 | Zig:11   | Entered Level 11 of a ziggurat
 66324 | Zig:11   | Identified the ring of Propriety {rElec rPois Str-4 Int+6
                  | Stlth+}
 66663 | Zig:12   | Entered Level 12 of a ziggurat
 66716 | Zig:12   | Reached skill level 5 in Evocations
 67039 | Zig:12   | Identified the +9 dagger "Giantbane" {speed, Dex+5}
 67066 | Zig:13   | Entered Level 13 of a ziggurat
 67099 | Zig:13   | Noticed Korghenea the pandemonium lord
 67113 | Zig:14   | Entered Level 14 of a ziggurat
 67249 | Zig:14   | Reached skill level 5 in Throwing
 67326 | Zig:14   | Found the macabre finger necklace {Finger+ rN+}
 67333 | Zig:14   | Identified the staff of fire "Meiskef" {rF+ Str+5 Int+2}
 67334 | Zig:14   | Identified the +5 war axe of Otedid {freeze, rElec rC-
                  | Dex+5}
 67336 | Zig:14   | Identified the +1 robe of Panentheism {rC- Int+7 Dex+3}
 67466 | Zig:15   | Entered Level 15 of a ziggurat
 67486 | Zig:15   | Paralysed by a sphinx for 4 turns
 67489 | Zig:15   | Noticed a dread lich
 67497 | Zig:15   | Paralysed by a sphinx for 5 turns
 67503 | Zig:15   | Killed a dread lich
 67613 | Zig:15   | Got Sif Muna's Folio of Ghastly Pyromania
 67620 | Zig:15   | Identified the +6 chain mail "Woulog" {rPois}
 67732 | Depths:3 | Lost intelligence.
 67769 | Depths:3 | Voluntarily entered the Abyss.
 67771 | Abyss:3  | Found a corrupted altar of Lugonu.
 67871 | Abyss:4  | Found a corrupted altar of Lugonu.
 67900 | Abyss:4  | Reached skill level 10 in Throwing
 68037 | Abyss:4  | Lost intelligence.
 68105 | Abyss:4  | Paralysed by accursed screaming for 2 turns
 68110 | Abyss:4  | Paralysed by accursed screaming for 2 turns
 68144 | Depths:3 | Escaped the Abyss
 68452 | Depths:3 | Voluntarily entered the Abyss.
 68611 | Abyss:4  | Reached skill level 10 in Evocations
 68698 | Abyss:4  | Noticed a dread lich
 68708 | Abyss:4  | Killed a dread lich
 68994 | Abyss:5  | Got an abyssal rune of Zot
 69113 | Abyss:5  | Found a corrupted altar of Lugonu.
 69177 | Depths:3 | Escaped the Abyss
 69522 | Tomb:1   | Entered Level 1 of the Tomb of the Ancients
 69656 | Tomb:1   | Reached skill level 1 in Summonings
 69881 | Tomb:1   | Noticed a royal mummy
 69893 | Tomb:1   | Killed a royal mummy
 69894 | Tomb:1   | Reached skill level 15 in Throwing
 70136 | Tomb:1   | Noticed a royal mummy
 70150 | Tomb:1   | Killed a royal mummy
 70436 | Tomb:1   | Acquired the +1 tower shield of the Frog {rPois rF+ rC+
                  | Dex+3}
 70593 | Tomb:1   | Reached skill level 5 in Summonings
 70632 | Tomb:2   | Noticed a royal mummy
 70632 | Tomb:2   | Noticed a royal mummy
 70638 | Tomb:2   | Noticed a royal mummy
 70638 | Tomb:2   | Noticed a royal mummy
 70649 | Tomb:2   | Gained mutation: Your magical capacity is low. (-10% MP)
                  | [mutagenic glow]
 70662 | Tomb:2   | Gained mutation: Potions are less effective at restoring
                  | your health. [mutagenic glow]
 70677 | Tomb:2   | Killed a royal mummy
 70685 | Tomb:2   | Killed a royal mummy
 70692 | Tomb:2   | Killed a royal mummy
 70698 | Tomb:1   | Noticed a royal mummy
 70705 | Tomb:1   | Killed a royal mummy
 70710 | Tomb:1   | Noticed a royal mummy
 70712 | Tomb:1   | Noticed a royal mummy
 70720 | Tomb:1   | Killed a royal mummy
 70721 | Tomb:1   | HP: 1/300 [death scarab[a royal mummy] (20)]
 70723 | Tomb:1   | Killed a royal mummy
 70726 | Tomb:1   | Noticed a royal mummy
 71580 | Tomb:3   | Entered Level 3 of the Tomb of the Ancients
 71585 | Tomb:3   | Gained mutation: You are vulnerable to heat. (rF-)
                  | [mutagenic glow]
 71588 | Tomb:3   | Noticed Boris
 71591 | Tomb:3   | Noticed a royal mummy
 71591 | Tomb:3   | Noticed a royal mummy
 71594 | Tomb:3   | Noticed a royal mummy
 71594 | Tomb:3   | Noticed a royal mummy
 71594 | Tomb:3   | Noticed a royal mummy
 71596 | Tomb:3   | Found the +13 scythe of Curses {drain, curses, Drain}
 71597 | Tomb:3   | Gained mutation: You are dopey. (Int -2) [mutagenic glow]
 71599 | Tomb:3   | Found the +5 scythe "Finisher" {speed, execute}
 71603 | Tomb:3   | HP: 15/300 [disintegration (17)]
 71605 | Tomb:3   | HP: 5/300 [royal mummy/divine providence (12)]
 71609 | Tomb:3   | Killed Boris
 71609 | Tomb:3   | Noticed a royal mummy
 71610 | Tomb:3   | HP: 3/300 [guardian mummy (13)]
 71610 | Tomb:3   | Mangled by a bennu

Illustrated notes

Levels and vault maps discovered:
D:1:      lightli_arrival_statuegarden, layout_rooms
D:2:      layout_basic, shapermc_ecumenical_altar_mp_ritualfount,
          minmay_increasing_density
D:3:      layout_loops_corners, nicolae_dithmenos_through_a_glass_darkly,
          serial_glass, glass_columns_a, glass_columns_a
D:4:      layout_basic, makhleb_heckhound_becter, mainiacjoe_overflow_big_doors,
          temple_fountains, biasface_ghost_orc_armoury, st_stairs_14,
          kennysheep_generic_room_5
D:5:      layout_cave_pools, mainiacjoe_overflow_chevrons,
          mainiacjoe_overflow_small_starburst, tso_altar
D:6:      layout_layer_cave, jmf_multi_god_temple, grunt_potential
D:7:      layout_rooms
D:8:      layout_basic, general_overflow_altar,
          nemelex_xobeh_ov_fountains_minmay, uniq_maggie
D:9:      nicolae_cairo_tiling_very_big, layout_rooms, lemuel_doored_altar,
          mainiacjoe_overflow_cross_hatched, st_stairs_14, uniq_prince_ribbit1,
          uniq_erica
D:10:     layout_roguey, fedhas_bush_and_centaur_altar,
          due_lair_maze_entry_diamond, david_orc_2, uniq_sonja
D:11:     layout_basic, serial_glass, glass_columns_a, glass_columns_a,
          glass_columns_c, glass_columns_b, glass_columns_a, glass_columns_a
D:12:     layout_roguey, nicolae_trove_entry_crystal,
          nicolae_shop_sticking_my_neck_out
D:13:     layout_irregular_city, skrybe_vaults_entry_preservation,
          grunt_tough_drop
D:14:     layout_cave_pools, nicolae_ru_the_path_less_chosen,
          nrook_mini_backslash, grunt_ministairs_15
D:15:     grunt_enter_depths_hoard, layout_basic, serial_park_tiny_pond,
          uniq_kirke, uniq_jorgrun
Temple:   corrupted_temple
Lair:1:   layout_hall_layers, portal_ice_cave_entry_ice_simulacra,
          serial_bayou_shore_a
Lair:2:   layout_small_grid, minmay_shoals_entry_beasts,
          infiniplex_staircase_pool_2, grunt_megastairs_4, uniq_gastronok,
          uniq_amaemon
Lair:3:   layout_chaotic_city, nicolae_spider_entry_tight_spaces, minivault_27
Lair:4:   layout_cave_shapes, serial_bayou_pond_e, grunt_forest_stairs_clearing
Lair:5:   minmay_lair_end_enchanted_forest, layout_loops_ring,
          nicolae_slime_entry_field_trip
Shoals:1: layout_shoals, serial_shops, bzr_entry_gold
Shoals:2: layout_shoals
Shoals:3: layout_shoals, uniq_polyphemus
Shoals:4: shoals_end_grunt_ice, layout_shoals, gammafunk_ghost_cemetery,
          serial_shops, shop, uniq_bai_suzhen
Spider:1: layout_spider_delve, gammafunk_ghost_split, uniq_mlioglotl,
          uniq_donald, uniq_louise, uniq_agnes
Spider:2: nicolae_spider_hilbert_zone_3 [nicolae_spider_hilbert_4_sides_2_open,
          nicolae_spider_hilbert_3_sides_1_open,
          nicolae_spider_hilbert_3_sides_1_open,
          nicolae_spider_hilbert_3_sides_1_open,
          nicolae_spider_hilbert_3_sides_1_open,
          nicolae_spider_hilbert_4_sides_1_open,
          nicolae_spider_hilbert_4_sides_1_open,
          nicolae_spider_hilbert_4_sides_1_open,
          nicolae_spider_hilbert_4_sides_1_open,
          nicolae_spider_hilbert_4_sides_1_open,
          nicolae_spider_hilbert_4_sides_1_open,
          nicolae_spider_hilbert_4_sides_1_open,
          nicolae_spider_hilbert_4_sides_1_open,
          nicolae_spider_hilbert_3_sides_1_open,
          nicolae_spider_hilbert_3_sides_1_open,
          nicolae_spider_hilbert_3_sides_1_open,
          nicolae_spider_hilbert_3_sides_1_open], uniq_asterion
Spider:3: layout_spider_delve
Spider:4: hellmonk_spider_rune_endless_swarm, nicolae_crawler_farm
Slime:1:  layout_caves
Slime:2:  layout_caves, basic_altar
Slime:3:  layout_caves, nicolae_slime_rock_hall_of_fame
Slime:4:  layout_caves, nicolae_slime_barrier,
          cheibrodos_slime_lost_civilization_6
Slime:5
Orc:1:    layout_caves
Orc:2:    grunt_orc_tribal_feast, layout_diamond_mine, basic_altar
Elf:1:    nicolae_elf_arrival_fired_up, layout_loops_corners, evilmike_minifort,
          grunt_ministairs_1, fountainhead, columned_hall_lemuel, drop_trap,
          nicolae_shop_gadgets
Elf:2:    nicolae_elf_blades_splatter_lattice
          [nicolae_blade_entry_diamond_columns], layout_gridlike,
          ebering_ghost_inner_flame, minmay_checkered_concentric_circles,
          uniq_nikola, uniq_roxanne, uniq_saint_roka
Elf:3:    minmay_elf_hall_not_hex, layout_rooms, nicolae_elf_big_sculpture_3
Vaults:1: mu_enter_wizlab_6, nicolae_vaults_little_ls,
          nicolae_vaults_trapezoid_4, nicolae_vaults_offset_grid_hallway_4,
          nicolae_vaults_frosty_reception, grunt_vaults_trifunnel,
          nicolae_vaults_octothorpe, nicolae_vaults_closet_pinwheel_4,
          nicolae_vaults_diamond_1, vaults_dpeg_cross, nicolae_vaults_prndl,
          nicolae_vaults_storage_room_statues, nicolae_vaults_cornered_office,
          v_pattern_2, vaults_room_grunt_arrival_ludios, layout_vaults_maze,
          serial_shops, nicolae_square_shop, uniq_aizul
Vaults:2: gammafunk_ghost_door_vault, nicolae_vaults_network_star,
          vaults_standard_mumra_enter_the_diamond, nicolae_vaults_big_ls,
          nicolae_vaults_turnstiles, minmay_crypt_entry_simple_box,
          nicolae_vaults_trapezoid_lopsided_3, nicolae_vaults_little_squares_1,
          nicolae_vaults_tetromino_T_1, vaults_standard_mumra_enter_the_diamond,
          nicolae_vaults_trapezoid_3, vaults_dpeg_emergency_exit,
          nicolae_vaults_trapezoid_3, layout_vaults_omnibox, serial_shops, shop,
          nicolae_diamond_shop, shop_coins
Vaults:3: hangedman_vaults_river_flow, ontoclasm_vaults_idyll,
          nicolae_vaults_double_plus_1, vaults_room_corners,
          nicolae_vaults_closet_pinwheel_4, nicolae_vaults_tangram_1,
          nicolae_vaults_tetromino_L_2, v_misc_28, nicolae_vaults_weapon_check,
          vaults_standard_mumra_enter_the_diamond, layout_vaults_big_room
Vaults:4: portal_desolation_entry_nicolae_slug,
          nicolae_vaults_trapezoid_lopsided_1,
          hangedman_vaults_stretched_pinwheel, v_misc_8, v_misc_28,
          nicolae_vaults_hexular_roomagon, layout_vaults_omnigrid
Vaults:5
Crypt:1:  layout_gridlike, ebering_ghost_rock_garden
Crypt:2:  layout_basic, nicolae_crypt_cryptocurrency, grunt_megastairs_1
Crypt:3:  church_of_pain_bobbens, layout_chaotic_city,
          tomb_entry_simple_bobbens, uniq_boris, uniq_grunn
Tomb:1
Tomb:2
Tomb:3
Depths:1: layout_cave_pools, hellmouth_1, nicolae_wu_jian_immortal_techniques,
          serial_sigils_hangedman_gut, minmay_misc_feat_roman,
          nicolae_concentric_dashed_squares_mild
Depths:2: evilmike_pillar_path, layout_basic, grunt_pan_entry_in_and_out,
          nicolae_abyss_entry_one_way_or_another, kennysheep_path_1,
          pf_coc_iceberg, infiniplex_staircase_zigzag_2
Depths:3: gammafunk_the_bubble [the_bubble_gammafunk_plus_minus],
          layout_honeycomb, enter_ziggurat_e, abyss_entry,
          pf_vacation_house_of_asmodeus, drop_trap, hangedman_summoners_spam,
          minmay_staircase_bubble, firewood_loft, minmay_shoptagon
Depths:4: grunt_zot_entry_funnels, layout_cross, moated_statue,
          hangedman_tar_grid_catacomb, abyss_entry_crystal

Skill      XL: |  1  2  3  4  5  6  7  8  9 10 11 12 13 14 15 16 17 18 19 20 21 22 23 24 25 26 27 |
---------------+----------------------------------------------------------------------------------+-----
Axes           | 4 5 6 7 9 10 12 13 15 17 18 20 21 22 23 25 26 27 | 27.0
Fighting       | 3 4 5 6 8 10 11 13 15 16 18 19 21 22 23 24 26 27 | 27.0
Dodging        | 4 5 6 8 9 10 13 15 21 25 26 27 | 27.0
Invocations    | 4 7 9 10 11 14 | 14.0
Armour         | 7 10 11 14 16 19 24 27 | 27.0
Shields        | 7 10 13 | 13.9
Evocations     | 10 | 10.7
Throwing       | 15 | 15.2
Summonings     | 9 |  9.6

Action                     |  1- 3 |  4- 6 |  7- 9 | 10-12 | 13-15 | 16-18 | 19-21 | 22-24 | 25-27 || total
---------------------------+-------+-------+-------+-------+-------+-------+-------+-------+-------++-------
  Melee: War axe           |    59 |    80 |   127 |   312 |   668 |   825 |   963 |  1101 |  1105 ||  5240
         Headbutt          |     7 |    10 |    23 |    69 |   168 |   209 |   301 |   317 |   350 ||  1454
         Punch             |       |       |     2 |       |    14 |     1 |       |       |       ||    17
         Scimitar          |       |       |       |       |     8 |       |       |       |       ||     8
  Throw: Throwing net      |       |     1 |     3 |     1 |       |     1 |       |       |       ||     6
         Javelin           |       |       |       |     3 |     3 |    10 |    10 |    21 |     9 ||    56
 Invoke: Divine Shield     |       |       |       |     3 |     1 |     1 |     2 |       |     4 ||    11
         Cleansing Flame   |       |       |       |       |     3 |       |     9 |     1 |    25 ||    38
         Summon Divine War |       |       |       |       |       |     8 |     8 |     4 |     2 ||    22
  Evoke: Wand              |       |       |       |     6 |     6 |    13 |    34 |     7 |    73 ||   139
         Lightning rod     |       |       |       |       |       |     1 |       |       |       ||     1
    Use: Scroll            |     5 |     7 |     5 |     8 |    13 |    10 |     3 |     9 |    23 ||    83
         Potion            |       |     1 |     2 |     1 |       |    11 |     7 |    12 |    16 ||    50
   Stab: Sleeping          |     2 |     2 |     1 |       |       |       |       |       |       ||     5
         Held in net/web   |       |       |     1 |       |       |       |       |       |       ||     1
 Armour: Leather armour    |    15 |     4 |       |       |       |       |       |       |       ||    19
         Ring mail         |       |     8 |       |       |       |       |       |       |       ||     8
         Scale mail        |       |    13 |    37 |    24 |       |       |       |       |       ||    74
         Chain mail        |       |       |       |    67 |   279 |   131 |       |       |       ||   477
         Plate armour      |       |       |       |       |       |   332 |   581 |   544 |       ||  1457
         Storm dragon scal |       |       |       |       |       |       |       |     1 |   165 ||   166
         Gold dragon scale |       |       |       |       |       |       |       |       |   430 ||   430
  Dodge: Dodged            |    31 |    44 |    95 |   183 |   456 |   606 |   538 |   554 |  1005 ||  3512
  Block: Other             |       |       |       |     1 |     8 |       |       |       |       ||     9
         Kite shield       |       |       |       |       |       |   301 |   561 |   487 |   582 ||  1931
         Tower shield      |       |       |       |       |       |       |       |       |   168 ||   168
